 Dungeon Crawl Stone Soup version 0.18.1-8-gdd0e5ea (console) character file.

553298 Kloppie the Axe Maniac (level 24, -41/266 HPs)
             Began as a Minotaur Berserker on June 12, 2016.
             Was a High Priest of Trog.
             Killed from afar by an iron giant (65 damage)
             ... with an iron shot
             ... on level 4 of the Depths.
             The game lasted 02:00:09 (48608 turns).

Kloppie the Axe Maniac (Minotaur Berserker)        Turns: 48608, Time: 02:00:10

Health: -41/266    AC: 31    Str: 24    XL:     24   Next: 53%
Magic:  29/29      EV: 26    Int:  3    God:    Trog [*****.]
Gold:   6293       SH:  0    Dex: 19    Spells: 0 memorised, 23 levels left

rFire  + + .     SeeInvis .     b - +7 executioner's axe (vamp)
rCold  . . .     Gourm    +     w - +0 scale mail of Repulsion {rF+ Regen+ Str+4}
rNeg   + + +     Faith    .     (shield currently unavailable)
rPois  +         Spirit   .     (helmet unavailable)
rElec  +         Dismiss  .     N - +1 ratskin cloak {rPois rN+ Int-1 Dex-1}
rCorr  .         Reflect  .     U - +1 pair of gloves
SustAt .         Harm     .     j - +0 pair of boots of Ladders and Snakes {rF+ rN++ Str-4 Stlth+}
MR     ++...                    L - amulet of the gourmand
Stlth  +.........               I - +6 ring of protection
                                e - ring of protection from magic

@: very resistant to hostile enchantments, very unstealthy
A: retaliatory headbutt, horns 3, icy blue scales 1, iridescent scales 1, poison
resistance, robust 1, electricity resistance
a: Berserk, Trog's Hand, Brothers in Arms, Burn Spellbooks, Renounce Religion
}: 4/15 runes: decaying, silver, abyssal, gossamer


You were on level 4 of the Depths.
You worshipped Trog.
Trog was extremely pleased with you.
You were completely stuffed.

You visited 8 branches of the dungeon, and saw 45 of its levels.
You visited the Abyss 1 time.
You also visited: Ice Cave.

You collected 6581 gold pieces.
You spent 288 gold pieces at shops.

Inventory:

Hand Weapons
 a - a +1 war axe of flaming
 b - a +7 vampiric executioner's axe (weapon)
 s - the +6 executioner's axe of the Solstice {chop, -Tele Dex+10}
   (You found it on level 7 of the Lair of Beasts)

   It inflicts extra damage upon your enemies.
   It affects your dexterity (+10).
   It prevents most forms of teleportation.
 R - a +5 antimagic executioner's axe
 Y - the +8 storm bow {elec}
   (You found it on level 3 of the Depths)

   It charges the ammunition it shoots with electricity; occasionally upon a
   hit, such missiles may discharge and cause terrible harm.
Missiles
 r - 484 arrows
Armour
 j - the +0 pair of boots of Ladders and Snakes (worn) {rF+ rN++ Str-4 Stlth+}
   (You acquired it on level 3 of the Elven Halls)

   It affects your strength (-4).
   It protects you from fire.
   It greatly protects you from negative energy.
   It makes you more stealthy.
 p - a +1 plate armour of magic resistance
 w - the +0 scale mail of Repulsion (worn) {rF+ Regen+ Str+4}
   (You found it on level 4 of the Depths)

   It affects your strength (+4).
   It protects you from fire.
   It increases your rate of regeneration.
 N - the +1 ratskin cloak (worn) {rPois rN+ Int-1 Dex-1}
   (You found it on level 2 of the Swamp)

   It affects your intelligence (-1).
   It affects your dexterity (-1).
   It protects you from poison.
   It protects you from negative energy.
 U - a +1 pair of gloves (worn)
Rods
 F - a +3 rod of clouds (12/12)
   (You found it on level 1 of the Swamp)
Jewellery
 e - a ring of protection from magic (left hand)
 i - the ring "Rahokla" {rElec rF+ rN+ Slay-6}
   (You found it on level 5 of the Vaults)

   [ring of positive energy]

   It affects your accuracy and damage with ranged weapons and melee attacks
   (-6).
   It protects you from fire.
   It insulates you from electricity.
   It protects you from negative energy.
 x - the ring "Jealooba" {rC+ Int+4}
   (You took it off an ironheart preserver on level 5 of the Vaults)

   [ring of protection from cold]

   It affects your intelligence (+4).
   It protects you from cold.
 A - an uncursed ring of see invisible
 I - a +6 ring of protection (right hand)
 L - an amulet of the gourmand (around neck)
 M - a +5 ring of evasion
 V - a +6 amulet of reflection
Wands
 D - a wand of digging (10/24)
 G - a wand of disintegration (9/24)
 O - a wand of heal wounds (4/9)
 P - a wand of acid (5/15)
 T - a wand of teleportation (3/9)
Scrolls
 d - 7 scrolls of fog
 g - 3 scrolls of blinking
 h - 17 scrolls of remove curse
 k - 11 scrolls of fear
 l - 14 scrolls of teleportation
 o - 2 scrolls of holy word
 q - 2 scrolls of enchant armour
 t - 4 scrolls of recharging
 v - 14 scrolls of identify
 y - 4 scrolls of magic mapping
 Q - a scroll of brand weapon
 S - 4 scrolls of silence
Potions
 f - 5 potions of might
 m - 7 potions of cure mutation
 n - 6 potions of flight
 E - 3 potions of haste
 H - a potion of invisibility
 J - 2 potions of heal wounds
 K - 10 potions of curing
 X - 2 potions of resistance
Comestibles
 c - 30 bread rations
 u - 7 chunks of flesh
 z - 12 beef jerkies
 B - 10 meat rations
 C - 13 slices of pizza


   Skills:
 + Level 25.0 Fighting
 O Level 27 Axes
 + Level 22.4 Armour
 - Level 20.1 Dodging
 - Level 10.1 Evocations


You had 23 spell levels left.
You didn't know any spells.

Dungeon Overview and Level Annotations

Branches:
Dungeon (15/15)            Temple (0/1) D:5            Lair (8/8) D:10
  Swamp (4/4) Lair:3       Spider (4/4) Lair:4        Slime (0/6) Lair:8
    Orc (2/2) D:12            Elf (3/3) Orc:2        Vaults (5/5) D:13
  Crypt (0/3) Vaults:3     Depths (4/5) D:15

Altars:
Ashenzari
Dithmenos
Gozag
Nemelex Xobeh
Okawaru
Sif Muna
Xom
Yredelemnul
Zin
The Shining One
Beogh

Shops:
D:5 [   Orc:2 (*([   Elf:1 =   Elf:2 (   Vaults:2 *   Vaults:3 :   Vaults:4 [

Portals:
Hell: Depths:1 Depths:2 Depths:3 Depths:4
Abyss: Depths:4
Pandemonium: Depths:2 Depths:3
Ziggurat: Depths:4
Trove: Elf:3 (give 12 potions of heal wounds)

Annotations:
D:9 3 runed doors


Innate Abilities, Weirdness & Mutations

You reflexively headbutt those who attack you in melee.
You have a pair of large horns on your head.
You are partially covered in icy blue scales (AC +1).
You are partially covered in iridescent scales (AC +4).
Your system is resistant to poisons.
You are robust (+10% HP).
You are resistant to electric shocks.


Message History

The iron giant seems less brilliant.
The iron giant is empowered by the deep elf high priest's aura!
The deep elf high priest invokes the aid of its god against you.
Something smites you!
* * * LOW HITPOINT WARNING * * *
You slash the deep elf high priest!
The deep elf high priest is severely wounded.
You slice the crawling corpse!!
You destroy the crawling corpse!
The iron giant points at you and mumbles some strange words.
The iron shot hits you!
* * * LOW HITPOINT WARNING * * *
The deep elf high priest completely misses you.
You furiously retaliate!
You headbutt the deep elf high priest! You slash the deep elf high priest!
You feel better.
You kill the deep elf high priest!
Trog accepts your kill. The iron giant casts a spell at you.
The iron shot hits you!
You die...

........# #.......#
#...##..# ....#####
....# ##################
...((((..........####
............#.......###
...(†...........@)....##
..)(....#########......#
..()..### ###....##
.)...## ##Cx..# ..))##
##...# ....# #...##
...## ##†..# ...# #...#
...# #...#


You could see an iron giant and a crawling corpse.

Vanquished Creatures
  3 juggernauts
  A caustic shrike (Depths:2)
  Saint Roka (Vaults:5)
  5 golden dragons
  Nikola (Depths:1)
  An iron giant (Depths:2)
  Jorgrun (Swamp:4)
  Rupert (D:12)
  2 liches
  2 tentacled monstrosities
  Asterion (Vaults:2)
  3 quicksilver dragons
  2 titans (Vaults:5)
  2 deep elf master archers (Elf:3)
  Frances (D:13)
  2 deep elf blademasters (Elf:3)
  Agnes (D:14)
  3 thorn hunters
  A storm dragon (shapeshifter) (Vaults:5)
  9 sphinxes
  4 tentacled starspawn (Abyss:5)
  Kirke (Swamp:1)
  A shadow dragon (Depths:2)
  6 tengu reavers
  2 storm dragons (Vaults:5)
  6 fire giants
  Wiglaf (Elf:3)
  Donald (Vaults:3)
  6 deep elf sorcerers
  Maud (D:10)
  2 iron dragons (Vaults:5)
  5 ghost moths
  16 vault wardens
  6 emperor scorpions
  A cacodemon (Abyss:5)
  Aizul (Spider:1)
  10 frost giants
  2 deep elf elementalists
  The ghost of Leafly the Blocker, a journeyman DsFi of Okawaru (Swamp:4)
  2 spriggan defenders (Depths:2)
  4 vampire knights
  8 ironheart preservers
  A reaper (Depths:3)
  14 starcursed masses (Abyss:5)
  19 very ugly things
  16 stone giants
  Azrael (D:15)
  3 salamander stormcallers (Vaults:5)
  6 deep elf annihilators (Elf:3)
  12 deep elf demonologists
  3 spark wasps (Depths:2)
  Snorg (D:10)
  21 ettins
  A merfolk javelineer (Depths:4)
  An ettin (shapeshifter) (Vaults:5)
  34 vault guards
  9 fire dragons
  5 deep elf death magi
  7 great orbs of eyes
  19 yaktaur captains
  4 deep elf high priests
  11 entropy weavers
  A ghost crab (Swamp:1)
  An alligator snapping turtle (shapeshifter) (Vaults:5)
  A catoblepas (Lair:8)
  28 hydras
  10 alligators
  7 ice dragons
  2 spriggan air magi
  7 rakshasas
  3 death knights
  10 centaur warriors
  5 deep troll shamans
  24 dancing weapons
  9 deep troll earth magi
  3 tengu warriors
  A thrashing horror (Abyss:5)
  4 orc high priests
  7 ogre magi
  3 death yaks (IceCv)
  6 hell knights (Depths:1)
  5 vampire magi
  Urug (Orc:1)
  A soul eater (Depths:1)
  4 spriggan berserkers
  A storm dragon zombie (Depths:1)
  A shock serpent (shapeshifter) (Elf:2)
  22 deep elf knights
  2 iron trolls (Depths:2)
  4 shadow wraiths
  A fire crab (Vaults:2)
  A salamander mystic (Depths:1)
  A fire crab (shapeshifter) (Vaults:4)
  A titan skeleton (Depths:1)
  4 wizards
  3 flayed ghosts
  8 unseen horrors
  2 wretched stars (Abyss:5)
  23 deep trolls
  The ghost of Dickchan the Impaler, a novice MfGl of the Shining One (D:6)
  2 spriggan druids (Swamp:4)
  8 swamp dragons
  3 giant orange brains
  A golden dragon zombie (Depths:1)
  12 deep elf archers
  A lindwurm (shapeshifter) (Vaults:5)
  6 necromancers
  An orange crystal statue (D:9)
  Pikel (D:7)
  60 deep elf magi
  A spark wasp zombie (Depths:1)
  A sphinx zombie (Depths:1)
  A lindwurm (Lair:8)
  7 orc knights
  3 phantasmal warriors (Depths:3)
  10 hill giants
  9 salamanders
  2 oklob plants (Lair:7)
  8 harpies
  18 ironbrand convokers
  54 ugly things
  A wolf spider (shapeshifter) (Vaults:5)
  4 cyclopes
  11 orb spiders
  2 orb spiders (shapeshifter) (Vaults:2)
  A tengu skeleton (Vaults:2)
  A human zombie (Vaults:2)
  2 hornets
  10 griffons
  A hornet (shapeshifter) (Vaults:3)
  29 wolf spiders
  A moth of wrath (Spider:4)
  2 stone giant zombies (Depths:1)
  A moth of wrath (shapeshifter) (Depths:3)
  5 orc sorcerers
  4 manticores
  2 centaur zombies (D:14)
  4 elephants (Lair:6)
  An ice statue (IceCv)
  An apocalypse crab (Abyss:5)
  19 vault sentinels
  A sixfirhy (Depths:3)
  A rust devil (Depths:3)
  Psyche (D:11)
  An orange demon (Abyss:5)
  2 black mambas
  5 spectral swamp worms (Depths:3)
  2 torpor snails
  A gargoyle (D:15)
  23 spiny frogs
  45 yaktaurs
  A komodo dragon (shapeshifter) (Elf:1)
  6 rime drakes
  A hellion (Abyss:5)
  4 kobold demonologists
  9 komodo dragons
  6 freezing wraiths
  9 trolls
  An ice devil (Depths:3)
  A red devil (Depths:3)
  A hellwing (Abyss:5)
  11 demonic crawlers
  3 tengu conjurers
  14 polar bears
  Prince Ribbit (Lair:2)
  31 jumping spiders
  6 giant leeches
  4 raiju
  The ghost of tscho the Ruffian, an amateur DrTm (D:4)
  5 bog bodies
  2 two-headed ogres (shapeshifter)
  11 two-headed ogres
  8 boulder beetles
  A shadow dragon simulacrum (Abyss:5)
  A spriggan zombie (Depths:1)
  A fire giant simulacrum (Depths:1)
  28 blink frogs
  29 slime creatures
  2 human simulacra (Vaults:2)
  7 air elementals
  87 redbacks
  9 spriggans
  7 water elementals
  26 tarantellas
  A redback (shapeshifter) (Elf:3)
  2 wraiths (Depths:3)
  A deep troll skeleton (Depths:1)
  A shadow (D:11)
  2 vampires
  2 fire elementals (D:15)
  3 fire bats (Depths:1)
  A ynoxinul (Abyss:5)
  72 yaks
  4 wyverns
  A human (D:7)
  2 basilisks (shapeshifter)
  3 hogs (Swamp:1)
  8 basilisks
  2 golden eyes (Abyss:5)
  18 hippogriffs
  A steam dragon (D:7)
  2 chaos spawn
  21 vampire mosquitoes
  10 insubstantial wisps
  3 large abominations
  8 wargs
  5 mottled dragons
  2 soldier ants
  19 swamp worms
  6 hell hounds
  11 swamp drakes
  10 water moccasins
  A giant eyeball (Depths:2)
  10 porcupines
  An ettin simulacrum (Depths:1)
  36 orc warriors
  2 slaves (D:7)
  2 black bears (shapeshifter) (Vaults:2)
  A black bear (D:12)
  4 sky beasts
  6 small abominations
  2 phantoms
  17 wasps
  2 eyes of draining (shapeshifter)
  3 ice beasts
  28 ogres
  3 necrophages
  19 centaurs
  3 eyes of draining
  27 wolves
  3 boggarts
  18 crocodiles
  4 big kobolds
  22 giant frogs
  3 earth elementals
  A wyvern skeleton (D:13)
  A tengu zombie (Depths:1)
  A water moccasin skeleton (D:5)
  A scorpion (D:11)
  An orc simulacrum (Vaults:2)
  10 killer bees
  12 wights
  8 electric eels
  4 howler monkeys
  11 crimson imps
  4 quasits
  A giant frog skeleton (D:5)
  3 giant frog zombies
  10 centaur skeletons
  23 orc priests
  A gnoll shaman (Orc:2)
  6 hounds
  5 jellies
  28 orc wizards
  Crazy Yiuf (D:2)
  2 iron imps (Depths:3)
  Jessica (D:3)
  Terence (D:2)
  7 iguanas
  6 worker ants
  23 sheep
  3 hound zombies
  A hound skeleton (D:8)
  A howler monkey zombie (D:6)
  A worker ant zombie (D:5)
  11 gnolls
  A howler monkey skeleton (D:5)
  15 adders
  44 river rats
  4 shadow imps
  13 white imps
  An ufetubus (Depths:3)
  5 oozes
  An adder zombie (D:4)
  An adder skeleton (D:8)
  4 worms
  2 dart slugs
  5 giant geckos
  88 orcs
  3 giant cockroaches
  12 goblins
  6 hobgoblins
  8 jackals
  17 kobolds
  3 quokkas
  3 ball pythons
  4 bats
  A giant gecko skeleton (D:9)
  2 giant gecko zombies
  8 giant newts
  2 quokka zombies
  6 rats
  A briar patch (Swamp:4)
  3 crawling corpses
  A fire vortex (Vaults:5)
  5 fungi
  6 plants
  3 starspawn tentacles (Abyss:5)
2168 creatures vanquished.

Vanquished Creatures (collateral kills)
  2 frost giants
  An orc warlord (Orc:2)
  2 emperor scorpions (Spider:4)
  An ironheart preserver (Vaults:5)
  A deep elf high priest (Vaults:5)
  A rakshasa (Depths:1)
  2 centaur warriors
  A spriggan berserker (Swamp:4)
  A small abomination (Vaults:5)
  A deep troll (Depths:1)
  A giant orange brain (Depths:2)
  2 wolf spiders
  10 orb spiders
  A salamander (Vaults:5)
  A hornet (Vaults:5)
  A moth of wrath (Spider:4)
  A yaktaur (Depths:2)
  A demonic crawler (Spider:1)
  5 jumping spiders
  A giant leech (Swamp:4)
  8 redbacks
  3 orc warriors (Orc:2)
  A boggart (Depths:1)
  2 orc priests (Orc:2)
  An orc wizard (Orc:2)
  4 orcs (Orc:2)
56 creatures vanquished.

Vanquished Creatures (others)
  A deep elf high priest (Vaults:5)
  An ice dragon (Vaults:2)
  An ogre mage (Depths:2)
  3 deep elf knights
  A deep elf mage (Elf:3)
  An orb spider (Spider:1)
  A komodo dragon (Lair:8)
  A kobold demonologist (Vaults:2)
  A giant leech (Swamp:1)
  2 redbacks
  A swamp drake (Swamp:4)
  An ogre (Depths:1)
  2 briar patches (Swamp:4)
  11 fungi
  14 plants
  5 starspawn tentacles (Abyss:5)
  24 starspawn tentacle segments (Abyss:5)
71 creatures vanquished.

Grand Total: 2295 creatures vanquished

Notes
Turn   | Place    | Note
--------------------------------------------------------------
     0 | D:1      | Kloppie the Minotaur Berserker began the quest for the Orb.
     0 | D:1      | Reached XP level 1. HP: 19/19 MP: 0/0
   380 | D:1      | Reached skill level 4 in Axes
   380 | D:1      | Reached XP level 2. HP: 27/27 MP: 1/1
   666 | D:2      | Reached ** piety under Trog
   666 | D:2      | Reached XP level 3. HP: 33/33 MP: 2/2
   770 | D:2      | Noticed Terence
   776 | D:2      | Killed Terence
   829 | D:2      | Reached XP level 4. HP: 40/40 MP: 3/3
   920 | D:2      | Reached skill level 5 in Axes
   961 | D:2      | Found a deep blue altar of Sif Muna.
  1012 | D:2      | Noticed Crazy Yiuf
  1016 | D:2      | Killed Crazy Yiuf
  1275 | D:3      | Reached XP level 5. HP: 47/47 MP: 4/4
  1436 | D:3      | Reached *** piety under Trog
  1501 | D:3      | Noticed Jessica
  1505 | D:3      | Killed Jessica
  1508 | D:3      | Reached skill level 5 in Fighting
  1551 | D:3      | Reached skill level 6 in Axes
  1894 | D:4      | Noticed tscho's ghost (amateur DrTm)
  1906 | D:4      | Killed tscho's ghost
  1906 | D:4      | Reached XP level 6. HP: 56/56 MP: 5/5
  1947 | D:4      | Reached skill level 7 in Axes
  2005 | D:4      | Reached skill level 5 in Armour
  2075 | D:4      | Reached XP level 7. HP: 61/61 MP: 6/6
  2359 | D:5      | Entered Level 5 of the Dungeon
  2386 | D:5      | Found a shimmering altar of Xom.
  2386 | D:5      | Found a shimmering altar of Xom.
  2386 | D:5      | Found a shimmering altar of Xom.
  2575 | D:5      | Found a shimmering altar of Xom.
  2576 | D:5      | Found a shimmering altar of Xom.
  2648 | D:5      | Found a staircase to the Ecumenical Temple.
  2763 | D:5      | Reached skill level 8 in Axes
  2771 | D:5      | Reached **** piety under Trog
  2818 | D:5      | Found Ruixta Locs's Antique Armour Shoppe.
  2846 | D:5      | Bought a hat for 120 gold pieces
  3023 | D:5      | Found a basalt altar of Yredelemnul.
  3209 | D:6      | Noticed Dickchan's ghost (novice MfGl)
  3223 | D:6      | Killed Dickchan's ghost
  3223 | D:6      | Reached skill level 9 in Axes
  3223 | D:6      | Reached XP level 8. HP: 73/73 MP: 7/7
  3469 | D:6      | Reached skill level 10 in Axes
  3787 | D:6      | Received a gift from Trog
  3803 | D:6      | Reached XP level 9. HP: 74/80 MP: 8/8
  3966 | D:6      | Reached skill level 11 in Axes
  4286 | D:6      | Gained mutation: You have a pair of large horns on your head. [potion of mutation]
  4286 | D:6      | Gained mutation: Scrolls take you a little longer to read. [potion of mutation]
  4286 | D:6      | Gained mutation: Your system is resistant to poisons. [potion of mutation]
  4287 | D:6      | Lost mutation: Scrolls take you a little longer to read. [potion of mutation]
  4287 | D:6      | Gained mutation: You are resistant to electric shocks. [potion of mutation]
  4287 | D:6      | Gained mutation: You are partially covered in iridescent scales (AC +4). [potion of mutation]
  4347 | D:7      | Noticed Pikel
  4357 | D:7      | Killed Pikel
  4528 | D:7      | Reached skill level 12 in Axes
  5160 | D:8      | Found a deep blue altar of Sif Muna.
  5174 | D:8      | Reached XP level 10. HP: 90/90 MP: 9/9
  5792 | D:8      | Found a sparkling altar of Nemelex Xobeh.
  5792 | D:8      | Found an opulent altar of Gozag.
  5881 | D:9      | Found a runed door.
  5914 | D:9      | Found a runed door.
  5932 | D:9      | Found a runed door.
  5967 | D:9      | Found a runed door.
  6025 | D:9      | Received a gift from Trog
  6087 | D:9      | Reached skill level 13 in Axes
  6142 | D:9      | Noticed a hill giant
  6149 | D:9      | Killed a hill giant
  6480 | D:9      | Reached skill level 10 in Fighting
  6519 | D:9      | Noticed an orange crystal statue
  6552 | D:9      | Killed an orange crystal statue
  6552 | D:9      | Reached skill level 10 in Armour
  6634 | D:10     | Entered Level 10 of the Dungeon
  6711 | D:10     | Noticed Snorg
  6720 | D:10     | Killed Snorg
  6720 | D:10     | Reached skill level 14 in Axes
  6892 | D:10     | Noticed Maud
  6893 | D:10     | Noticed a hill giant
  6902 | D:10     | Killed Maud
  6902 | D:10     | Reached XP level 11. HP: 100/100 MP: 10/10
  6907 | D:10     | Killed a hill giant
  6973 | D:10     | Found a staircase to the Lair.
  7344 | Lair:1   | Entered Level 1 of the Lair of Beasts
  7418 | Lair:1   | Reached skill level 15 in Axes
  7635 | Lair:1   | Gained mutation: You are robust (+10% HP). [potion of beneficial mutation]
  7636 | Lair:1   | Gained mutation: You are partially covered in icy blue scales (AC +1). [potion of beneficial mutation]
  7710 | Lair:1   | Reached ***** piety under Trog
  8409 | Lair:2   | Reached XP level 12. HP: 122/122 MP: 11/11
  8460 | Lair:2   | Reached skill level 16 in Axes
  8492 | Lair:2   | Noticed Prince Ribbit
  8572 | Lair:2   | Killed Prince Ribbit
  9218 | Lair:3   | Found a staircase to the Swamp.
  9242 | Lair:3   | Found a frozen archway.
  9247 | Lair:3   | Received a gift from Trog
  9269 | IceCv    | Entered an ice cave
  9410 | IceCv    | Reached skill level 5 in Dodging
  9859 | IceCv    | Noticed a death yak
  9886 | IceCv    | Killed a death yak
 10080 | IceCv    | Noticed a frost giant
 10080 | IceCv    | Noticed a death yak
 10080 | IceCv    | Noticed a death yak
 10090 | IceCv    | Killed a death yak
 10091 | IceCv    | Reached XP level 13. HP: 99/133 MP: 12/12
 10097 | IceCv    | Killed a frost giant
 10106 | IceCv    | Received a gift from Trog
 10356 | Lair:3   | Got a fine chain mail
 10367 | Lair:3   | Identified the +8 chain mail of the Beginning {*Corrode rPois rN+} (You found it on level 3 of the Lair of Beasts)
 11304 | Lair:4   | Found a hole to the Spider Nest.
 12144 | Lair:5   | Reached skill level 17 in Axes
 12744 | Lair:6   | Received a gift from Trog
 12970 | Lair:6   | Reached XP level 14. HP: 123/146 MP: 4/13
 13136 | Lair:6   | Reached skill level 15 in Fighting
 13393 | Lair:7   | Reached ****** piety under Trog
 14035 | Lair:7   | Got a polished executioner's axe
 14036 | Lair:7   | Identified the +6 executioner's axe of the Solstice {chop, -Tele Dex+10} (You found it on level 7 of the Lair of Beasts)
 14233 | Lair:7   | Reached skill level 18 in Axes
 14480 | D:11     | Found an iron altar of Okawaru.
 14504 | D:11     | Received a gift from Trog
 14545 | D:11     | Noticed Psyche
 14553 | D:11     | Killed Psyche
 14561 | D:11     | Reached skill level 15 in Armour
 15187 | D:12     | Noticed Rupert
 15196 | D:12     | Killed Rupert
 15323 | D:12     | Found a staircase to the Orcish Mines.
 15456 | D:12     | Received a gift from Trog
 15696 | Orc:1    | Entered Level 1 of the Orcish Mines
 15709 | Orc:1    | Noticed Urug
 15864 | Orc:1    | Killed Urug
 16115 | Orc:2    | Entered Level 2 of the Orcish Mines
 16208 | Orc:2    | Found a roughly hewn altar of Beogh.
 16249 | Orc:2    | Found a shimmering altar of Xom.
 16330 | Orc:2    | Found a roughly hewn altar of Beogh.
 16375 | Orc:2    | Found a staircase to the Elven Halls.
 16555 | Orc:2    | Found a roughly hewn altar of Beogh.
 16621 | Orc:2    | Received a gift from Trog
 16640 | Orc:2    | Found a roughly hewn altar of Beogh.
 16647 | Orc:2    | Found Serozyikh's General Store.
 16660 | Orc:2    | Bought a scroll of identify for 30 gold pieces
 16680 | Orc:2    | Found a roughly hewn altar of Beogh.
 16681 | Orc:2    | Found Podditra's Weapon Emporium.
 16800 | Orc:2    | Noticed an orc warlord
 16802 | Orc:2    | Reached skill level 19 in Axes
 16813 | Orc:2    | Killed an orc warlord
 16836 | Orc:2    | Found Miwkeo's Antique Armour Emporium.
 16837 | Orc:2    | Found a roughly hewn altar of Beogh.
 16840 | Orc:2    | Found Zomech's Antique Weapon Shoppe.
 17313 | D:13     | Noticed Frances
 17328 | D:13     | Killed Frances
 17468 | D:13     | Reached XP level 15. HP: 158/158 MP: 0/14
 17473 | D:13     | Found a gate to the Vaults.
 17474 | D:13     | Received a gift from Trog
 18254 | D:14     | Noticed Agnes
 18266 | D:14     | Killed Agnes
 18292 | D:14     | Got a translucent ring mail
 18303 | D:14     | Identified the +4 ring mail of Fashionability {rN+} (You found it on level 14 of the Dungeon)
 18364 | D:14     | Found a sparkling altar of Nemelex Xobeh.
 18494 | D:14     | Reached skill level 20 in Axes
 18839 | D:15     | Entered Level 15 of the Dungeon
 18901 | D:15     | Noticed Azrael
 18919 | D:15     | Killed Azrael
 19089 | D:15     | Received a gift from Trog
 19271 | D:15     | Found a staircase to the Depths.
 20041 | Lair:8   | Entered Level 8 of the Lair of Beasts
 20118 | Lair:8   | Found a staircase to the Slime Pits.
 21404 | Lair:8   | Identified a scroll of acquirement
 21469 | Lair:6   | Received a gift from Trog
 21555 | Swamp:1  | Entered Level 1 of the Swamp
 21568 | Swamp:1  | Reached XP level 16. HP: 144/170 MP: 5/15
 21711 | Swamp:1  | Noticed Kirke
 21722 | Swamp:1  | Killed Kirke
 21756 | Swamp:1  | Identified a +3 rod of clouds (12/12) (You found it on level 1 of the Swamp)
 22544 | Swamp:2  | Reached skill level 10 in Dodging
 22869 | Swamp:2  | Noticed a thorn hunter
 22886 | Swamp:2  | Killed a thorn hunter
 23479 | Swamp:3  | Received a gift from Trog
 23702 | Swamp:4  | Entered Level 4 of the Swamp
 23750 | Swamp:4  | Noticed Jorgrun
 23750 | Swamp:4  | Noticed Leafly's ghost (journeyman DsFi)
 23765 | Swamp:4  | Killed Jorgrun
 23782 | Swamp:4  | Killed Leafly's ghost
 24585 | Swamp:4  | Noticed a thorn hunter
 24599 | Swamp:4  | Killed a thorn hunter
 24762 | Swamp:4  | Reached XP level 17. HP: 122/182 MP: 16/16
 24974 | Swamp:4  | Received a gift from Trog
 25262 | Swamp:4  | Got a decaying rune of Zot
 25478 | Spider:1 | Entered Level 1 of the Spider Nest
 25692 | Spider:1 | Noticed Aizul
 25708 | Spider:1 | Killed Aizul
 26140 | Spider:2 | Received a gift from Trog
 27577 | Spider:3 | Received a gift from Trog
 28592 | Spider:4 | Entered Level 4 of the Spider Nest
 29018 | Spider:4 | Received a gift from Trog
 29029 | Spider:4 | Reached XP level 18. HP: 78/195 MP: 0/17
 29822 | Spider:4 | Reached skill level 1 in Evocations
 29855 | Spider:4 | Got a gossamer rune of Zot
 30266 | Vaults:1 | Entered Level 1 of the Vaults
 31116 | Vaults:1 | Paralysed by a great orb of eyes for 2 turns
 31257 | Vaults:2 | Reached skill level 15 in Dodging
 31368 | Vaults:2 | Received a gift from Trog
 31382 | Vaults:2 | Noticed Asterion
 31387 | Vaults:2 | Reached skill level 5 in Evocations
 31389 | Vaults:2 | Killed Asterion
 32003 | Vaults:2 | Found Orghebrast's General Store.
 32013 | Vaults:2 | Bought a potion of curing for 60 gold pieces
 32252 | Vaults:2 | Received a gift from Trog
 32610 | Vaults:3 | Got a slimy chain mail
 32620 | Vaults:3 | Reached XP level 19. HP: 174/203 MP: 7/23
 32789 | Vaults:3 | Identified the +8 chain mail of the Desert {Str+2} (You found it on level 3 of the Vaults)
 33300 | Vaults:3 | Noticed Donald
 33317 | Vaults:3 | Killed Donald
 33427 | Vaults:3 | Received a gift from Trog
 33459 | Vaults:3 | Found Abrekk's Book Shop.
 33691 | Vaults:3 | Found a staircase to the Crypt.
 33996 | Vaults:4 | Received a gift from Trog
 34273 | Vaults:4 | Found Kyeshraocs's Armour Emporium.
 34707 | Vaults:4 | Reached skill level 10 in Evocations
 35503 | Depths:1 | Entered Level 1 of the Depths
 35522 | Depths:1 | Received a gift from Trog
 35875 | Depths:1 | Reached XP level 20. HP: 170/212 MP: 8/26
 36250 | Depths:1 | Reached skill level 21 in Axes
 36265 | Depths:1 | Received a gift from Trog
 36304 | Depths:1 | Noticed Nikola
 36316 | Depths:1 | Killed Nikola
 37078 | Depths:1 | Found a gateway to Hell.
 37335 | Depths:2 | Received a gift from Trog
 37414 | Depths:2 | Found a one-way gate leading to the halls of Pandemonium.
 37467 | Depths:2 | Found a glowing silver altar of Zin.
 37468 | Depths:2 | Found a shattered altar of Ashenzari.
 37468 | Depths:2 | Found a shadowy altar of Dithmenos.
 37617 | Depths:2 | Reached skill level 22 in Axes
 38028 | Depths:2 | Noticed an iron giant
 38046 | Depths:2 | Noticed a golden dragon
 38059 | Depths:2 | Killed a golden dragon
 38059 | Depths:2 | Reached XP level 21. HP: 64/221 MP: 27/27
 38624 | Depths:2 | Noticed a golden dragon
 38638 | Depths:2 | Killed a golden dragon
 38817 | Depths:2 | Got a sparkling iron amulet
 38820 | Depths:2 | Got a twisted scale mail
 38821 | Depths:2 | Identified the amulet "Cuukk" {Dismiss rPois rC- Int+4 Slay+4 Stlth+} (You took it off a yaktaur captain on level 2 of the Depths)
 38822 | Depths:2 | Identified the +6 scale mail of Exclusion {*Corrode rPois rN+ Regen+} (You took it off a tengu warrior on level 2 of the Depths)
 38846 | Depths:2 | Killed an iron giant
 38846 | Depths:2 | Received a gift from Trog
 39168 | Depths:2 | Reached skill level 23 in Axes
 39197 | Depths:2 | Noticed a caustic shrike
 39202 | Depths:2 | Killed a caustic shrike
 39329 | Depths:2 | Noticed a juggernaut
 39331 | Depths:2 | Noticed a golden dragon
 39345 | Depths:2 | Killed a juggernaut
 39393 | Depths:2 | Killed a golden dragon
 39599 | Depths:3 | Found a glowing golden altar of the Shining One.
 39730 | Depths:3 | Received a gift from Trog
 39754 | Depths:3 | Reached skill level 24 in Axes
 40358 | Depths:3 | Reached XP level 22. HP: 234/234 MP: 28/28
 40402 | Depths:3 | Identified the Compendium of Dark Changing
 40494 | Depths:3 | Cast into level 3 of the Abyss (a lich)
 40552 | Abyss:5  | Entered Level 5 of the Abyss
 40794 | Abyss:5  | Got an abyssal rune of Zot
 40808 | Depths:3 | Escaped the Abyss
 40863 | Depths:3 | Received a gift from Trog
 40864 | Depths:3 | Got a pitted longbow {god gift}
 40865 | Depths:3 | Identified the +10 longbow of the Vendetta {velocity, rC+ Str+3 Int-3 Dex+6} (Trog gifted it to you on level 3 of the Depths)
 41324 | Elf:1    | Entered Level 1 of the Elven Halls
 41335 | Elf:1    | Reached skill level 25 in Axes
 41695 | Elf:1    | Found Pasoh's Jewellery Shoppe.
 41698 | Elf:1    | Bought a +1 ring of slaying for 78 gold pieces
 41755 | Elf:1    | Received a gift from Trog
 42038 | Elf:2    | Found Vexav's Antique Weapon Emporium.
 42309 | Elf:2    | Found a runed gate.
 42309 | Elf:2    | Found a runed gate.
 42311 | Elf:2    | Found a runed gate.
 43173 | Elf:3    | Entered Level 3 of the Elven Halls
 43565 | Elf:3    | Noticed Wiglaf
 43574 | Elf:3    | Killed Wiglaf
 43628 | Elf:3    | Found a portal to a secret trove of treasure.
 43918 | Elf:3    | Reached skill level 26 in Axes
 43940 | Elf:3    | Lost intelligence.
 43950 | Elf:3    | HP: 10/236 [deep elf master archer/arrow (15)]
 43955 | Elf:3    | HP: 6/236 [deep elf master archer/arrow (22)]
 45564 | Elf:3    | Reached XP level 23. HP: 234/245 MP: 29/29
 45638 | Elf:3    | Got a scintillating ivory amulet
 45639 | Elf:3    | Identified the amulet "Cagg" {Harm *Drain Int+5 Dex+3} (You took it off a deep elf sorcerer on level 3 of the Elven Halls)
 45807 | Elf:3    | Got a transparent battleaxe {freeze}
 45808 | Elf:3    | Identified the +3 battleaxe "Guamuden" {freeze, rPois Str-3 Int+3 Dex+2} (You took it off a deep elf demonologist on level 3 of the Elven Halls)
 45877 | Elf:3    | Identified the Disquisition on Supportive Ignition (You found it on level 3 of the Elven Halls)
 45936 | Elf:3    | Identified the Catalogue of Floating Calling
 45943 | Elf:3    | Identified the Catalogue of Transformation
 45951 | Elf:3    | Got a pair of brightly glowing gloves
 45952 | Elf:3    | Identified the +0 pair of gloves "Itimoc" {Str-3 Dex+7} (You found it on level 3 of the Elven Halls)
 46012 | Elf:3    | Received a gift from Trog
 46056 | Elf:3    | Got a pair of brightly glowing boots
 46057 | Elf:3    | Identified the +0 pair of boots of Ladders and Snakes {rF+ rN++ Str-4 Stlth+} (You acquired it on level 3 of the Elven Halls)
 46473 | Vaults:5 | Entered Level 5 of the Vaults
 46542 | Vaults:5 | Reached skill level 27 in Axes
 46567 | Vaults:4 | Received a gift from Trog
 46959 | Vaults:5 | Received a gift from Trog
 46971 | Vaults:5 | Noticed Saint Roka
 46998 | Vaults:5 | Killed Saint Roka
 47012 | Vaults:5 | Received a gift from Trog
 47025 | Vaults:5 | Reached XP level 24. HP: 261/261 MP: 29/29
 47091 | Vaults:5 | Got a vibrating copper ring
 47136 | Vaults:5 | Identified the Disquisition on Nocuous Transmutation
 47138 | Vaults:5 | Identified the ring "Jealooba" {rC+ Int+4} (You took it off an ironheart preserver on level 5 of the Vaults)
 47239 | Vaults:5 | Got a silver rune of Zot
 47248 | Vaults:5 | Got a heavily runed platinum ring
 47249 | Vaults:5 | Identified the ring "Rahokla" {rElec rF+ rN+ Slay-6} (You found it on level 5 of the Vaults)
 47446 | Vaults:5 | Got a topaz-encrusted ring mail
 47447 | Vaults:5 | Identified the +3 ring mail of Gluttony {rC+ rN+} (You found it on level 5 of the Vaults)
 48260 | Depths:4 | Got a faintly glowing scale mail
 48261 | Depths:4 | Identified the cursed +0 scale mail of Repulsion {rF+ Regen+ Str+4} (You found it on level 4 of the Depths)
 48428 | Depths:4 | Found a one-way gate to the infinite horrors of the Abyss.
 48435 | Depths:4 | Found a gateway to a ziggurat.
 48478 | Depths:4 | Noticed a juggernaut
 48497 | Depths:4 | Killed a juggernaut
 48501 | Depths:4 | Received a gift from Trog
 48537 | Depths:4 | Noticed a juggernaut
 48546 | Depths:4 | Killed a juggernaut
 48608 | Depths:4 | Killed from afar by an iron giant

Skill      XL: |  1  2  3  4  5  6  7  8  9 10 11 12 13 14 15 16 17 18 19 20 21 22 23 24 |
---------------+-------------------------------------------------------------------------+-----
Axes           | 4 5 6 7 9 10 12 14 15 16 17 19 20 22 24 26 27 | 27.0
Fighting       | 4 5 7 9 10 12 13 14 16 17 18 19 20 21 22 24 25 | 25.0
Armour         | 3 4 5 6 7 9 10 11 13 14 15 17 18 19 20 21 22 | 22.4
Dodging        | 6 7 9 12 13 16 18 19 20 | 20.1
Evocations     | 7 10 | 10.1

Action                   |  1- 3 |  4- 6 |  7- 9 | 10-12 | 13-15 | 16-18 | 19-21 | 22-24 || total
-------------------------+-------+-------+-------+-------+-------+-------+-------+-------++-------
Melee: Hand axe          |    78 |   103 |     5 |       |       |       |       |       ||   186
       Headbutt          |    10 |    23 |    50 |   136 |   278 |   376 |   424 |   274 ||  1571
       War axe           |       |       |   218 |   578 |    98 |   163 |       |       ||  1057
       Battleaxe         |       |       |       |       |  1081 |  1363 |   764 |       ||  3208
       Unarmed           |       |       |       |       |       |     2 |       |       ||     2
       Executioner's axe |       |       |       |       |       |       |   510 |  1016 ||  1526
Invok: Berserk           |     1 |     4 |     4 |     5 |     8 |     8 |    10 |     2 ||    42
       Trog's Hand       |       |       |       |     4 |     9 |    11 |     9 |     4 ||    37
       Brothers in Arms  |       |       |       |       |     1 |     8 |     4 |     4 ||    17
Evoke: Wand              |       |       |       |       |     5 |       |       |     2 ||     7
  Use: Scroll            |       |       |    21 |     7 |    12 |     9 |     5 |    16 ||    70
       Potion            |       |       |     4 |     2 |     2 |     2 |       |     6 ||    16
 Stab: Distracted        |       |       |       |       |     3 |       |       |       ||     3
       Sleeping          |       |       |       |       |     1 |       |       |       ||     1
       Petrified         |       |       |       |       |     2 |       |       |       ||     2
       Petrifying        |       |       |       |       |     1 |       |       |       ||     1
       Confused          |       |       |       |       |       |     1 |       |       ||     1
  Eat: Chunk             |     1 |     7 |    13 |    20 |    40 |    16 |    55 |    31 ||   183
       Pizza             |       |       |     1 |       |       |       |       |       ||     1
       Fruit             |       |       |     1 |       |       |     1 |       |       ||     2
       Royal jelly       |       |       |       |     1 |     1 |     1 |       |     1 ||     4
       Meat ration       |       |       |       |       |     1 |     6 |       |     1 ||     8
Armor: Chain mail        |    43 |    47 |       |   197 |   575 |   648 |   416 |   415 ||  2341
       Scale mail        |       |     3 |   126 |       |       |       |       |    63 ||   192
       Plate armour      |       |       |       |   121 |       |       |       |    30 ||   151
Dodge: Dodged            |    31 |    46 |   127 |   269 |   682 |  1183 |  1180 |   964 ||  4482
Block: Other             |       |       |       |       |   284 |   376 |    52 |       ||   712
       Reflection        |       |       |       |       |    26 |    15 |     5 |       ||    46
